 Dungeon Crawl Stone Soup version 0.30.1-11-g7821555f0a (webtiles) character file.

Game seed: 5780793034037401298

5197 VictoriousLee the Cleaver (level 10, 0/70 (73) HPs)
             Began as a Formicid Fighter on Oct 27, 2023.
             Was a Follower of Makhleb.
             Asphyxiated
             ... on level 9 of the Dungeon on Oct 28, 2023.
             The game lasted 00:59:18 (9963 turns).

VictoriousLee the Cleaver (Formicid Fighter)        Turns: 9963, Time: 00:59:21

HP:   0/70 (73)     AC: 15    Str: 29    XL:     10   Next: 91%
MP:   15/15         EV:  8    Int:  7    God:    Makhleb [*.....]
Gold: 248           SH:  5    Dex: 13    Spells: 9/9 levels left

rFire   . . .        H - +8 halberd "Felly" {speed, +Blink Will+ Str+3}
rCold   . . .        c - +0 buckler
rNeg    + . .        G - +0 chain mail
rPois   .            (helmet unavailable)
rElec   .            A - +0 cloak
rCorr   .            (no gloves)
SInv    +            m - +0 pair of boots
Will    ++...        (no amulet) Stlth
                     o - ring of positive energy
HPRegen 0.31/turn    i - +4 ring of protection
MPRegen 0.14/turn

%: no passive effects
@: lethally poisoned (0 -> -10), lightly drained
A: permanent stasis, dig shafts and tunnels, antennae 3, four strong arms
a: Dig, Shaft Self, Renounce Religion


You were on level 9 of the Dungeon.
You worshipped Makhleb.
Makhleb was aware of your devotion.
You visited 2 branches of the dungeon, and saw 11 of its levels.

You collected 509 gold pieces.
You spent 261 gold pieces at shops.

Inventory:

Hand Weapons
 z - a +1 war axe
 H - the +8 halberd "Felly" (weapon) {speed, +Blink Will+ Str+3}
   (You bought it in a shop on level 9 of the Dungeon)

   Str:       It affects your strength (+3).
   +Blink:    It lets you blink.
   Will:      It increases your willpower.
 M - a +2 whip of flaming
 N - a +4 sling
 O - a +2 antimagic spear
Missiles
 f - 29 poisoned darts
 w - a curare-tipped dart
 x - 2 throwing nets
 F - 4 boomerangs
Armour
 c - a +0 buckler (worn)
 m - a +0 pair of boots (worn)
 A - a +0 cloak (worn)
 G - a +0 chain mail (worn)
 I - a +0 plate armour
Magical Staves
 b - the staff of conjuration "Riockeub" {rPois rC+}
   (You found it on level 7 of the Dungeon)

   [staff of conjuration]

   Base accuracy: +5 Base damage: 5 Base attack delay: 1.2 This weapon's minimum
   attack delay (0.6) is reached at skill level 12.
   rC:        It protects you from cold.
   rPois:     It protects you from poison.
   It falls into the 'Staves' category.
   It is a weapon for one hand-pair.
Jewellery
 i - a +4 ring of protection (right hand)
 o - a ring of positive energy (left hand)
 L - a ring of resist corrosion
Wands
 d - a wand of flame (43)
 y - a wand of paralysis (8)
 C - a wand of light (11)
 J - a wand of roots (2)
Scrolls
 g - 4 scrolls of immolation {unknown}
 h - 4 scrolls of teleportation {unknown}
 j - 2 scrolls of enchant armour {unknown}
 q - 3 scrolls of fear {unknown}
 s - 2 scrolls of torment {unknown}
 v - 3 scrolls of amnesia {unknown}
 K - a scroll of vulnerability
Potions
 a - a potion of might
 e - 2 potions of curing
 p - a potion of mutation
 t - a potion of resistance
 u - a potion of heal wounds
 B - 2 potions of flight
 E - 2 potions of lignification


   Skills:
 + Level 4.8 Fighting
 + Level 13.6 Axes
 - Level 3.2 Armour
 - Level 4.0 Shields
 - Level 7.6 Invocations


You had 9 spell levels left.
You didn't know any spells.
Your spell library contained the following spells:

 Spells                   Type           Power      Damage    Failure   Level
 Apportation              Tloc           0%         N/A       93%         1
 Beastly Appendage        Tmut           0%         N/A       93%         1
 Magic Dart               Conj           0%         1d3       93%         1
 Necrotise                Necr           0%         1d4       93%         1
 Summon Small Mammal      Summ           0%         N/A       93%         1
 Call Imp                 Summ           0%         N/A       98%         2
 Wereblood                Tmut           0%         N/A       98%         2
 Ignite Poison            Fire/Tmut/Pois 0%         N/A       100%        3
 Mephitic Cloud           Conj/Pois/Air  0%         N/A       100%        3
 Ozocubu's Armour         Ice            0%         N/A       100%        3
 Spider Form              Tmut/Pois      0%         N/A       100%        3
 Stone Arrow              Conj/Erth      0%         3d7       100%        3
 Animate Armour           Summ/Erth      0%         N/A       100%        4
 Sticky Flame             Conj/Fire      0%         2d3       100%        4
 Ozocubu's Refrigeration  Ice            0%         4d7       100%        7
 Ignition                 Fire           0%         3d3       100%        8
 Lehudib's Crystal Spear  Conj/Erth      0%         10d2      100%        8


Dungeon Overview and Level Annotations

Branches:
Dungeon (10/15)            Temple (1/1) D:5
   Lair: D:8-11         Orc: D:9-12

Altars:
Ashenzari
Cheibriados
Dithmenos
Elyvilon
Gozag
Hepliaklqana
Makhleb
Nemelex Xobeh
Okawaru
Qazlal
Ru
Sif Muna
Trog
Uskayaw
Vehumet
Wu Jian
Yredelemnul
Zin
The Shining One

Shops:
D:2 :   D:9 (

Annotations:
D:9 2 transporters, Sonja; tkbsonic5's ghost, journeyman NaFi


Innate Abilities, Weirdness & Mutations

You cannot be hasted, slowed, berserked, paralysed or teleported.
You can dig through walls and to a lower floor.
You have a pair of large antennae on your head. (SInv)
Your four strong arms can wield two-handed weapons with a shield.


Message History

Sonja barely misses you. x2
The kobold demonologist casts a cantrip, but nothing happens.
Sonja hits you with a +1 short sword of distortion.
* * * LOW HITPOINT WARNING * * *
You block Sonja's attack. Sonja hits you but does no damage.
Space warps around you.
* * * LOW HITPOINT WARNING * * *
Okay, then.
Okay, then.
Okay, then.
Throw: 2 throwing nets
Press: ? - help, Shift-Dir - straight line, f - Sonja
Aim: Sonja, wielding a +1 short sword of distortion and quivering curare-tipped darts (6% to hit)
Okay, then.
Unknown command.
You feel much better.
The kobold demonologist hits you but does no damage.
Sonja says, "Someone hired me to kill you, but I'm not supposed to say who."
Sonja hits you but does no damage.
Sonja hits you with a +1 short sword of distortion.
* * * LOW HITPOINT WARNING * * *
Space warps around you.
* * * LOW HITPOINT WARNING * * *
Sonja barely misses you.
The orange demon stings you but does no damage.
Okay, then.
You extend your mandibles.
You dig through the rock wall.
You feel drained. Sonja attacks as you move away! Sonja barely misses you.
Sonja hits you with a +1 short sword of distortion!
* * * LOW HITPOINT WARNING * * *
Space warps around you.
* * * LOW HITPOINT WARNING * * *
Sonja closely misses you.
Sonja casts a spell.
Sonja blinks!
Sonja throws a curare-tipped dart.
The curare-tipped dart hits you.
You are lethally poisoned!
You have difficulty breathing.
You die...

.....## ..#...#
.##...# .....##
#####
.##.#######...##
..#..#..##.....#
.....>........K##
................##
......#.##......@#
.......##.....K.##
.......##.##..ยง##
..............4#
............)>.##
.............[..#
....#.......#..##
#...##......#..#
#...####..##...#


You could see an orange demon (summoned), a kobold demonologist and Sonja.

Vanquished Creatures
  Pikel (D:8)
  Joseph (D:9)
  A kobold demonologist (D:9)
  Psyche (D:8)
  A troll (D:9)
  A hornet (D:9)
  A vampire (D:9)
  5 yaks (D:9)
  A water moccasin (D:7)
  An orc warrior (D:8)
  A sky beast (D:8)
  A boggart (D:9)
  3 ogres
  5 ice beasts
  A centaur (D:5)
  2 kobold brigands
  A bullfrog (D:7)
  3 scorpions
  6 killer bees (D:9)
  2 howler monkeys
  3 hounds
  2 orc priests (D:8)
  3 jellies
  A gnoll bouda (D:7)
  A sleepcap (D:5)
  4 iguanas
  6 orc wizards (D:8)
  3 adders
  4 gnolls (D:7)
  A shadow imp (D:5)
  A white imp (D:7)
  A worm (D:2)
  5 dart slugs
  21 orcs
  6 endoplasms
  3 giant cockroaches
  3 goblins
  7 hobgoblins
  12 jackals
  3 quokkas
  4 ball pythons
  7 bats
  4 frilled lizards
  28 kobolds
  7 rats
179 creatures vanquished.

Notes
Turn   | Place    | Note
-------+----------+-------------------------------------------
     0 | D:1      | VictoriousLee the Formicid Fighter began the quest for the
                  | Orb.
     0 | D:1      | Reached XP level 1. HP: 18/18 MP: 1/1
   250 | D:1      | Found a faded altar of an unknown god.
   304 | D:1      | Reached XP level 2. HP: 24/24 MP: 2/2
   461 | D:1      | Reached skill level 3 in Axes
   871 | D:2      | Reached XP level 3. HP: 27/29 MP: 3/3
   915 | D:2      | Found a shimmering blue altar of Sif Muna.
  1014 | D:2      | Found Ladodd's Vocational Training.
  1727 | D:3      | Reached skill level 4 in Axes
  1727 | D:3      | Reached XP level 4. HP: 35/35 MP: 4/4
  1928 | D:3      | Found a shadowy altar of Dithmenos.
  2675 | D:3      | Found a burning altar of Makhleb.
  2856 | D:4      | Reached XP level 5. HP: 22/41 MP: 5/5
  2982 | D:4      | Reached skill level 5 in Axes
  3325 | D:4      | Reached XP level 6. HP: 47/47 MP: 6/6
  3330 | D:4      | Noticed an ogre
  3346 | D:4      | Killed an ogre
  3347 | D:4      | Reached skill level 6 in Axes
  3582 | D:4      | Reached XP level 7. HP: 52/52 MP: 7/7
  3774 | D:4      | Reached skill level 7 in Axes
  4145 | D:4      | Found a glowing golden altar of the Shining One.
  4145 | D:4      | Found a sacrificial altar of Ru.
  4152 | D:4      | Found a sparkling altar of Nemelex Xobeh.
  4154 | D:4      | Found an iron altar of Okawaru.
  4155 | D:4      | Found a hazy altar of Hepliaklqana.
  4653 | D:5      | Entered Level 5 of the Dungeon
  4743 | D:5      | Reached skill level 8 in Axes
  4861 | D:5      | Reached XP level 8. HP: 25/55 MP: 8/8
  4872 | D:5      | Reached skill level 9 in Axes
  5056 | D:5      | Found a staircase to the Ecumenical Temple.
  5083 | Temple   | Entered the Ecumenical Temple
  5232 | Temple   | Upgraded the game from 0.30.1-10-g1249ef9ec4 to
                  | 0.30.1-11-g7821555f0a
  5287 | D:3      | Became a worshipper of Makhleb the Destroyer
  5975 | D:6      | Reached skill level 10 in Axes
  6007 | D:6      | Found a white marble altar of Elyvilon.
  6414 | D:6      | Found a glowing silver altar of Zin.
  6573 | D:7      | Identified the staff of conjuration "Riockeub" {rPois rC+}
  6588 | D:7      | Found a radiant altar of Vehumet.
  6613 | D:7      | Reached XP level 9. HP: 60/64 MP: 9/9
  6950 | D:7      | Reached skill level 11 in Axes
  7617 | D:8      | Reached * piety under Makhleb
  7627 | D:8      | Reached skill level 12 in Axes
  7869 | D:8      | Noticed Psyche
  7887 | D:8      | Killed Psyche
  8244 | D:8      | Noticed Pikel
  8267 | D:8      | Killed Pikel
  8268 | D:8      | Reached skill level 5 in Invocations
  8268 | D:8      | Reached XP level 10. HP: 54/70 MP: 11/14
  8569 | D:9      | Found an ornate altar of the Wu Jian Council.
  8592 | D:9      | Found Xaonwohe's Antique Weapon Shop.
  8601 | D:9      | Bought a bloodstained halberd for 261 gold pieces
  8601 | D:9      | Identified the +8 halberd "Felly" {speed, +Blink Will+
                  | Str+3} (You bought it in a shop on level 9 of the Dungeon)
  8823 | D:9      | Noticed Joseph
  8828 | D:9      | Killed Joseph
  8993 | D:9      | Found a transporter.
  8995 | D:9      | Found a transporter.
  8996 | D:9      | Noticed tkbsonic5's ghost (journeyman NaFi)
  9062 | D:9      | Reached skill level 13 in Axes
  9518 | D:10     | Entered Level 10 of the Dungeon
  9638 | D:10     | Noticed a kobold demonologist
  9638 | D:10     | Noticed a kobold demonologist
  9639 | D:10     | Noticed Sonja
  9650 | D:9      | Killed a kobold demonologist
  9698 | D:9      | Identified a scroll of acquirement
  9698 | D:9      | Acquired a +4 ring of protection
  9959 | D:9      | Noticed an orange demon
  9963 | D:9      | Asphyxiated

Illustrated notes

Levels and vault maps discovered:
D:1:      evilmike_arrival_hilbert_curve, layout_basic,
          hellmonk_ecumenical_altar_heavens_door, kennysheep_another_room
D:2:      layout_loops_corners, basic_altar, nrook_uturn,
          nicolae_shop_vocational
D:3:      layout_basic, lightli_temple_of_fire, overflow_temple_1_default,
          nicolae_kite_square_tiling_tiny
D:4:      kennysheep_kobold_camp, layout_cave_pods,
          chequers_temple_overflow_minitemple, hex_large, minmay_quadrilaterals
D:5:      layout_basic, minmay_temple_entry_hall, kennysheep_generic_room_16
D:6:      layout_rooms, mainiacjoe_overflow_24_doors, zin_academy
D:7:      layout_basic, nicolae_vehumet_radiance, chequers_garden
D:8:      layout_basic, uniq_psyche, uniq_pikel
D:9:      layout_cave_pools, nicolae_wu_jian_immortal_techniques, serial_shops,
          shop, gammafunk_ghost_hive, uniq_joseph
D:10:     layout_gridville, grunt_temple_overflow_growth_and_decay,
          lemuel_crystal_altar, dpeg_lair_monsters, uniq_sonja, uniq_maurice
Temple:   hellmonk_temple_flake

Skill      XL: |  1  2  3  4  5  6  7  8  9 10 |
---------------+-------------------------------+-----
Axes           | 3 4 5 6 8 10 12 13 | 13.6
Invocations    | 5 7 |  7.6
Fighting       | 4 |  4.8
Armour         | |  3.2
Shields        | |  4.0

Action                     |  1- 3 |  4- 6 |  7- 9 | 10-12 || total
---------------------------+-------+-------+-------+-------++-------
  Melee: War axe           |    90 |   169 |   300 |       ||   559
         Halberd           |       |       |       |    90 ||    90
         Whip              |       |       |       |     5 ||     5
  Throw: Dart              |       |     4 |     4 |       ||     8
Ability: Dig               |       |       |     4 |     3 ||     7
  Evoke: Wand              |       |       |     1 |     1 ||     2
    Use: Scroll            |       |       |     9 |     5 ||    14
         Potion            |       |       |     3 |     3 ||     6
   Stab: Paralysed         |       |       |     2 |       ||     2
 Armour: Scale mail        |    27 |    79 |    63 |       ||   169
         Chain mail        |       |       |    40 |    64 ||   104
  Dodge: Dodged            |    54 |    84 |    76 |    38 ||   252
  Block: Buckler           |    23 |    43 |    43 |    23 ||   132
